 Dungeon Crawl Stone Soup version 0.31-a0-1616-gbeaec30b81 (webtiles) character file.

Game seed: 16297155243490687758

4933 BigDaddyOpFi the Ruffian (level 10, -8/96 HPs)
             Began as a Troll Shapeshifter on Jan 4, 2024.
             Was a Believer of Qazlal.
             Mangled by a large slime creature (38 damage)
             ... on level 10 of the Dungeon on Jan 10, 2024.
             The game lasted 00:09:26 (8200 turns).

BigDaddyOpFi the Ruffian (Troll Shapeshifter)       Turns: 8200, Time: 00:09:27

Health: -8/96      AC:  7    Str: 27    XL:     10   Next: 27%
Magic:  14/14      EV: 12    Int: 10    God:    Qazlal [**....]
Gold:   445        SH:  2    Dex: 14    Spells: 9/9 levels left

rFire   + .          .
                       - Unarmed
rCold   + . .        (no shield)
rNeg    . . .        a - +1 animal skin
rPois   +            (helmet currently unavailable)
rElec   +            (cloak currently unavailable)
rCorr   +            (gloves unavailable)
SInv    .            (boots unavailable)
Will    .....        m - amulet of magic regeneration
Stlth   +            b - ring of poison resistance
HPRegen 1.16/turn    o - +6 ring of dexterity
MPRegen 0.54/turn

%: no passive effects
@: mighty, beast-form, resistant, attractive, studying Polearms
A: beast (slay +3), large, unfitting armour, claws 3, regeneration 1, shaggy fur
1, tough skin 1, iridescent scales 1, clever 1, wild magic 1, MP-powered wands
a: Begin Untransformation, Renounce Religion, Upheaval


You were on level 10 of the Dungeon.
You worshipped Qazlal.
Qazlal was pleased with you.
You were a hulking beast.
You visited 2 branches of the dungeon, and saw 11 of its levels.

You collected 445 gold pieces.

Inventory:

Armour
 a - a +1 animal skin (worn)
 l - a scarf of repulsion
Jewellery
 b - a ring of poison resistance (left claw)
 m - an amulet of magic regeneration (around neck)
 o - a +6 ring of dexterity (right claw)
 y - a ring of see invisible
 B - a ring of flight
Talismans
 c - a beast talisman
 d - a flux talisman
Wands
 j - a wand of mindburst (7)
 n - a wand of flame (35)
 t - a wand of charming (19)
 z - a wand of polymorph (3)
Scrolls
 e - 8 scrolls of identify
 f - 2 scrolls of brand weapon
 i - 2 scrolls of silence
 k - 3 scrolls of immolation
 p - a scroll of poison {unknown}
 q - a scroll of revelation
 u - 2 scrolls of vulnerability {unknown}
 v - a scroll of teleportation
 w - 2 scrolls of enchant weapon {unknown}
Potions
 h - 3 potions of mutation
 s - a potion of attraction
 A - 2 potions of resistance


   Skills:
 + Level 5.5 Fighting
 + Level 5.7 Dodging
 + Level 7.1 Unarmed Combat
 * Level 7.0 Invocations
 + Level 6.6 Shapeshifting


You had 9 spell levels left.
You didn't know any spells.
Your spell library contained the following spells:

 Spells                   Type           Power      Damage    Failure   Level
 Magic Dart               Conj           0%         1d3       45%         1
 Blink                    Tloc           0%         N/A       58%         2
 Call Imp                 Summ           0%         N/A       58%         2
 Ensorcelled Hibernation  Hex/Ice        0%         N/A       58%         2
 Fugue of the Fallen      Necr           0%         N/A       82%         3
 Volatile Blastmotes      Fire/Tloc      0%         2d10      82%         3
 Anguish                  Hex/Necr       0%         N/A       99%         4
 Fulminant Prism          Conj/Alch      0%         3d5       99%         4
 Iskenderun's Mystic Bla  Conj/Tloc      0%         2d3       99%         4


Dungeon Overview and Level Annotations

Branches:
Dungeon (10/15)            Temple (1/1) D:5             Orc (0/2) D:9
   Lair: D:8-11

Altars:
Ashenzari
Cheibriados
Dithmenos
Fedhas
Gozag
Hepliaklqana
Kikubaaqudgha
Makhleb
Nemelex Xobeh
Okawaru
Qazlal
Sif Muna
Uskayaw
Vehumet
Wu Jian
Xom
Yredelemnul
Zin
The Shining One


Innate Abilities, Weirdness & Mutations

You are a hulking beast.
Your limbs bulge with bestial killing power. (Slay +3)
You are too large for most types of armour.
You have claws for hands.
Your natural rate of healing is unusually fast.
You are covered in fur. (AC +1)
You have tough skin. (AC +1)
You are partially covered in iridescent scales. (AC +2)
Your mind is acute. (Int +4, Str/Dex -1)
Your spells are a little harder to cast, but a little more powerful.
You expend magic power (3 MP) to strengthen your wands.


Message History

The gnoll is moderately wounded.
The gnoll barely misses you.
You claw the gnoll! You claw the gnoll.
You kill the gnoll!
Qazlal accepts your kill.
Two slime creatures merge to form a large slime creature.
It was a potion of curing.
You feel better. The gnoll closely misses you.
It was a potion of attraction.
You feel attractive to monsters.
The gnoll sergeant hits you from afar with a +1 heavy trident!
You block the gnoll's attack.
It was a potion of might.
You feel very mighty all of a sudden. The gnoll sergeant closely misses you.
The gnoll hits you with a +0 club.
It was a potion of resistance.
You feel protected. The gnoll hits you with a +0 club.
You claw the gnoll!
You kill the gnoll!
Qazlal accepts your kill.
The gnoll sergeant hits you from afar with a +1 heavy trident.
The gnoll sergeant is attracted toward you.
The large slime creature is attracted toward you.
You scratch the gnoll sergeant but do no damage.
You claw the large slime creature!
The large slime creature is lightly wounded.
The gnoll sergeant hits you from afar with a +1 heavy trident!
You mangle the large slime creature!!
The large slime creature is moderately wounded.
The large slime creature hits you!!!
You claw the large slime creature!
The large slime creature is moderately wounded.
The gnoll sergeant hits you from afar with a +1 heavy trident.
The large slime creature hits you!!
* * * LOW HITPOINT WARNING * * *
You barely miss the large slime creature.
The large slime creature is moderately wounded.
Okay, then.
You feel much better. The large slime creature hits you!!!
You die...

#..# #.. ....$..
#..############.###g..##
#............#....g....#
##.#########.#..###...##
#.#####..##....####.##
#............gg....#..
###.#####..#####g####.###
..........># #J#
###.#####.#. #h# #.####.#
#.# #<....# ... ######.#
#####


You could see a large slime creature, a gnoll sergeant and 2 gnolls.

Vanquished Creatures
  3 hornets
  A wyvern (D:7)
  A shadow (D:9)
  Eustachio (D:6)
  5 yaks (D:6)
  A steam dragon (D:8)
  2 water moccasins
  2 black bears (D:6)
  A sky beast (D:8)
  2 orc warriors
  An ice beast (D:7)
  An ogre (D:4)
  2 centaurs
  2 kobold brigands
  7 bullfrogs
  3 scorpions
  4 wights (D:8)
  6 killer bees
  3 howler monkeys (D:8)
  3 hounds
  3 jellies
  2 orc priests
  A sleepcap (D:7)
  Jessica (D:2)
  4 iguanas
  Terence (D:3)
  2 orc wizards
  9 adders
  6 gnolls
  3 shadow imps
  2 white imps
  A dart slug (D:2)
  4 ribbon worms
  10 orcs
  4 bats (D:2)
  8 endoplasms
  3 giant cockroaches
  4 goblins
  4 hobgoblins
  6 jackals
  4 quokkas
  4 ball pythons
  4 frilled lizards
  12 kobolds
  5 rats
158 creatures vanquished.

Notes
Turn   | Place    | Note
-------+----------+-------------------------------------------
     0 | D:1      | BigDaddyOpFi the Troll Shapeshifter began the quest for the
                  | Orb.
     0 | D:1      | Reached XP level 1. HP: 18/18 MP: 0/0
    73 | D:1      | Reached skill level 1 in Fighting
   217 | D:1      | Reached XP level 2. HP: 27/27 MP: 1/1
   524 | D:1      | Found a faded altar of an unknown god.
   551 | D:1      | Upgraded the game from 0.31-a0-1576-ga3383bade6 to
                  | 0.31-a0-1616-gbeaec30b81
   603 | D:2      | Reached XP level 3. HP: 33/33 MP: 2/2
   941 | D:2      | You fall into a shaft and drop 2 floors!
   975 | D:4      | Reached XP level 4. HP: 36/41 MP: 3/3
   989 | D:3      | Noticed Terence
  1221 | D:4      | Noticed a scorpion
  1233 | D:4      | Killed a scorpion
  1234 | D:4      | Reached XP level 5. HP: 33/49 MP: 4/4
  1494 | D:4      | Noticed an ogre
  1510 | D:4      | Killed an ogre
  1574 | D:4      | Reached XP level 6. HP: 59/59 MP: 5/5
  1842 | D:3      | Found a radiant altar of Vehumet.
  2179 | D:3      | Killed Terence
  2209 | D:3      | Gained mutation: Your body sometimes deteriorates upon
                  | taking damage. [potion of mutation]
  2209 | D:3      | Gained mutation: Your spells are a little harder to cast,
                  | but a little more powerful. [potion of mutation]
  2357 | D:3      | Found a glowing golden altar of the Shining One.
  2357 | D:3      | Found a shimmering blue altar of Sif Muna.
  2661 | D:2      | Noticed Jessica
  2666 | D:2      | Killed Jessica
  2776 | D:5      | Entered Level 5 of the Dungeon
  2786 | D:5      | Reached XP level 7. HP: 52/67 MP: 6/6
  2823 | D:5      | Found a staircase to the Ecumenical Temple.
  2830 | Temple   | Entered the Ecumenical Temple
  2853 | Temple   | Became a worshipper of Qazlal Stormbringer
  3042 | D:5      | Reached skill level 1 in Invocations
  3330 | D:6      | Reached skill level 5 in Unarmed Combat
  3435 | D:6      | Noticed a yak
  3435 | D:6      | Noticed a yak
  3435 | D:6      | Noticed a yak
  3438 | D:6      | Noticed a yak
  3439 | D:6      | Noticed a yak
  3444 | D:6      | Killed a yak
  3445 | D:6      | Reached XP level 8. HP: 67/75 MP: 7/9
  3452 | D:6      | Reached skill level 5 in Shapeshifting
  3558 | D:6      | Reached * piety under Qazlal
  3618 | D:6      | Noticed Eustachio
  3645 | D:6      | Lost mutation: Your spells are a little harder to cast, but
                  | a little more powerful. [potion of mutation]
  3645 | D:6      | Lost mutation: Your body sometimes deteriorates upon taking
                  | damage. [potion of mutation]
  3645 | D:6      | Gained mutation: Your mind is acute. (Int +4, Str/Dex -1)
                  | [potion of mutation]
  3645 | D:6      | Gained mutation: You expend magic power (3 MP) to
                  | strengthen your wands. [potion of mutation]
  3645 | D:6      | Gained mutation: You are partially covered in iridescent
                  | scales. (AC +2) [potion of mutation]
  3645 | D:6      | Gained mutation: Your spells are a little harder to cast,
                  | but a little more powerful. [potion of mutation]
  3649 | D:6      | HP: 3/78 [rat[Eustachio] (3)]
  4360 | D:6      | Killed Eustachio
  4587 | D:6      | Reached XP level 9. HP: 83/84 MP: 11/11
  5200 | D:7      | Reached skill level 5 in Invocations
  5518 | D:7      | HP: 4/85 [orc warrior/+0 glaive (14)]
  5812 | D:7      | Reached skill level 5 in Dodging
  6543 | D:8      | Reached skill level 5 in Fighting
  6966 | D:8      | Reached ** piety under Qazlal
  7068 | D:8      | Reached XP level 10. HP: 91/94 MP: 13/13
  7846 | D:9      | Found a staircase to the Orcish Mines.
  8142 | D:10     | Entered Level 10 of the Dungeon
  8198 | D:10     | HP: 2/96 [large slime creature (30)]
  8200 | D:10     | Mangled by a large slime creature

Illustrated notes

Levels and vault maps discovered:
D:1:      dpeg_arrival_brainrot, layout_basic, ebering_ecumenical_altar_mist,
          minmay_misc_feat_doors
D:2:      layout_basic, chequers_avenue, uniq_jessica
D:3:      layout_basic, fiery_altar_vehumet, mainiacjoe_overflow_divided_tiny,
          uniq_terence
D:4:      cheibrodos_helix_gallery, layout_basic
D:5:      layout_rooms, minmay_temple_entry_nine_rooms, corexii_checkpoint,
          kennysheep_generic_room_5
D:6:      layout_basic, uniq_eustachio
D:7:      layout_layer_cave, columned_hall_lemuel
D:8:      layout_basic, minmay_manual_monstrance
D:9:      layout_stronghold, orc_0_dummy, kennysheep_generic_room_4
D:10:     layout_loops_ring, mainiacjoe_overflow_alcove_2,
          mainiacjoe_overflow_catwalk_spiral, minmay_tree_intersection
Temple:   eino_temple_rhombus

Skill      XL: |  1  2  3  4  5  6  7  8  9 10 |
---------------+-------------------------------+-----
Fighting       | 1 2 3 4 5 |  5.5
Dodging        | 2 3 4 5 |  5.7
Unarmed Combat | 4 5 6 7 |  7.1
Shapeshifting  | 4 5 6 |  6.6
Invocations    | 2 4 6 7 |  7.0

Action                     |  1- 3 |  4- 6 |  7- 9 | 10-12 || total
---------------------------+-------+-------+-------+-------++-------
  Melee: Unarmed           |    77 |   113 |   249 |    56 ||   495
         Punch             |     1 |     1 |    10 |     4 ||    16
    Use: Scroll            |     3 |       |     4 |       ||     7
         Potion            |       |     5 |     6 |     5 ||    16
   Stab: Sleeping          |       |     1 |       |       ||     1
         Invisible         |       |       |     1 |       ||     1
 Armour: Animal skin       |    48 |    68 |   320 |    48 ||   484
         Skin              |       |     3 |       |       ||     3
  Dodge: Dodged            |    31 |    44 |   239 |    33 ||   347
  Block: Other             |       |       |    17 |     6 ||    23

Table legend: (Time is in decaauts)
 A = Elapsed time spent in this place.
 B = Non-inter-level travel time spent in this place.
 C = Inter-level travel time spent in this place.
 D = Time resting spent in this place.
 E = Time spent auto-exploring this place.
 F = Levels seen in this place.
 G = Mean time per level.
                   A        B        C        D        E       F      G
               +--------+--------+--------+--------+--------+-----+--------+
         Total |   8166 |   7808 |    358 |   1854 |   4643 |  11 |  742.4 |
       Dungeon |   8131 |   7773 |    358 |   1854 |   4643 |  10 |  813.1 |
        Temple |     34 |     34 |      0 |      0 |      0 |   1 |   34.0 |
               +--------+--------+--------+--------+--------+-----+--------+

Top non-repeatable levels by time:
     D:8: 1467 daAuts
     D:5: 1083 daAuts
     D:7: 1012 daAuts
     D:6: 962 daAuts
     D:4: 886 daAuts
     D:3: 782 daAuts
     D:9: 777 daAuts
     D:1: 578 daAuts
     D:2: 523 daAuts
    D:10: 56 daAuts
  Temple: 34 daAuts
